 Dungeon Crawl Stone Soup version 0.30.1-11-g7821555f0a (webtiles) character file.

Game seed: 11829512633719494880

983 Martska the Magician (level 7, -1/39 (40) HPs)
             Began as a Deep Elf Fire Elementalist on Nov 29, 2023.
             Was an Initiate of Vehumet.
             Slain by a wight
             ... wielding a +0 long sword
              (11 damage)
             ... on level 5 of the Dungeon.
             The game lasted 00:23:52 (5785 turns).

Martska the Magician (Deep Elf Fire Elementalist)   Turns: 5785, Time: 00:23:53

HP:   -1/39 (40)    AC:  2    Str:  5    XL:     7   Next: 96%
MP:   17/17         EV: 14    Int: 22    God:    Vehumet [......]
Gold: 313           SH:  0    Dex: 15    Spells: 11/17 levels left

rFire   + . .        h - +1 whip
rCold   x . .        (no shield)
rNeg    . . .        a - +0 robe
rPois   .            (no helmet)
rElec   .            (no cloak)
rCorr   .            (no gloves)
SInv    +            (no boots)
Will    .....        c - amulet of magic regeneration
Stlth   +++          k - ring of see invisible
HPRegen 0.26/turn    w - ring of fire
MPRegen 0.55/turn

%: no passive effects
@: about to teleport, lightly drained
A: no striking features
a: Renounce Religion


You were on level 5 of the Dungeon.
You worshipped Vehumet.
Vehumet was noncommittal.
You visited 2 branches of the dungeon, and saw 7 of its levels.

You collected 313 gold pieces.

Inventory:

Hand Weapons
 h - a +1 whip (weapon)
Armour
 a - a +0 robe (worn)
Jewellery
 c - an amulet of magic regeneration (around neck)
 k - a ring of see invisible (left hand)
 w - a ring of fire (right hand)
Wands
 n - a wand of polymorph (5)
 u - a wand of acid (6)
 y - a wand of digging (5)
Scrolls
 g - a scroll of teleportation
 i - 5 scrolls of enchant weapon
 j - a scroll of immolation
 l - a scroll of vulnerability
 m - a scroll of fear
 o - 3 scrolls of noise
 p - a scroll of magic mapping {unknown}
 s - 2 scrolls of poison
 v - a scroll of amnesia {unknown}
 x - a scroll of enchant armour {unknown}
Potions
 b - a potion of magic
 d - a potion of ambrosia
 e - a potion of berserk rage
 f - a potion of cancellation
 q - 2 potions of flight {unknown}
 r - a potion of curing {unknown}
 t - a potion of brilliance {unknown}


   Skills:
 * Level 2.8 Fighting
 * Level 5.1 Dodging
 - Level 5.1 Stealth
 + Level 5.5 Spellcasting
 + Level 3.8 Conjurations
 + Level 1.8 Hexes
 * Level 5.3 Fire Magic


You had 11 spell levels left.
You knew the following spells:

 Your Spells              Type           Power      Damage    Failure   Level
a - Foxfire               Conj/Fire      100%       2x1d9     1%          1
b - Scorch                Fire           88%        2d8       1%          2
c - Inner Flame           Hex/Fire       32%        N/A       7%          3

Your spell library contained the following spells:

 Spells                   Type           Power      Damage    Failure   Level
 Volatile Blastmotes      Fire/Tloc      52%        2d14      10%         3
 Flame Wave               Conj/Fire      39%        2d11      14%         4


Dungeon Overview and Level Annotations

Branches:
Dungeon (6/15)             Temple (1/1) D:5

Altars:
Kikubaaqudgha
Ru
Sif Muna
Trog
Uskayaw
Vehumet
Xom
Yredelemnul
Zin


Message History

Casting: Scorch (safe; 1% risk of failure)
Confirm with . or Enter, or press ? or * to list all spells.
You feel a surge of power!
Flames lash the iguana.
The iguana is burned terribly!
You kill the iguana!
Vehumet accepts your kill.
You start resting.
Magic restored.
You start resting.
HP restored.
There is a stone staircase leading down here.
Casting: Scorch (safe; 1% risk of failure)
Confirm with . or Enter, or press ? or * to list all spells.
Okay, then.
You climb downwards.
The ice beast hits you. The ice beast freezes you!
You feel a terrible chill! The black bear bites you.
The black bear closely misses you. The black bear misses you.
The ogre completely misses you. The black bear closely misses you.
The black bear misses you. The black bear claws you.
The ice beast closely misses you.
There is a stone staircase leading up, spattered with blood here.
The ice beast hits you but does no damage.
The orc priest miscasts a cantrip.
The wight closely misses you. The black bear closely misses you.
The black bear claws you. x2
* * * LOW HITPOINT WARNING * * *
You climb upwards.
There is a stone staircase leading down here.
As you read the scroll of fear, it crumbles to dust.
You assume a fearsome visage.
The black bear looks frightened!
The ogre looks frightened!
The ice beast looks frightened!
The wight is unaffected.
The wight hits you with a +0 long sword.
* * * LOW HITPOINT WARNING * * *
You feel drained.
As you read the scroll of teleportation, it crumbles to dust.
You feel strangely unstable. The wight barely misses you.
The wight attacks as you move away!
The wight hits you with a +0 long sword!
You die...

######## #......#
#.####.# #.# #.# ####
#.####.#
...###########...z#.###
...............†@..h..#
...#############..#####
...# #..# #### #OY#
#..# #..# #..# #..#
#..#


You could see a black bear (fleeing), an ice beast (fleeing), an ogre (fleeing)
and a wight.

Vanquished Creatures
  A black bear (D:5)
  An ice beast (D:5)
  3 ogres
  2 scorpions
  A wight (D:5)
  A hound (D:4)
  2 orc priests (D:4)
  Ijyb (D:5)
  An iguana (D:5)
  An orc wizard (D:4)
  5 adders
  A white imp (D:5)
  5 dart slugs
  3 worms
  22 orcs
  10 bats
  5 endoplasms
  2 giant cockroaches (D:2)
  13 hobgoblins
  8 jackals
  7 kobolds
  5 quokkas
  10 ball pythons
  5 frilled lizards
  8 goblins
  6 rats
129 creatures vanquished.

Vanquished Creatures (others)
  184 foxfires
184 creatures vanquished.

Grand Total: 313 creatures vanquished

Notes
Turn   | Place    | Note
-------+----------+-------------------------------------------
     0 | D:1      | Martska the Deep Elf Fire Elementalist began the quest for
                  | the Orb.
     0 | D:1      | Reached XP level 1. HP: 10/10 MP: 6/6
   147 | D:1      | Reached XP level 2. HP: 11/15 MP: 2/8
   676 | D:1      | Reached XP level 3. HP: 20/20 MP: 6/9
  1772 | D:2      | Reached XP level 4. HP: 24/24 MP: 7/11
  2261 | D:2      | Reached skill level 1 in Fighting
  3066 | D:3      | Reached XP level 5. HP: 29/29 MP: 7/12
  3541 | D:4      | Learned a level 2 spell: Scorch
  3816 | D:4      | Noticed an ogre
  3821 | D:4      | HP: 1/29 [ogre/+0 giant club (28)]
  3822 | D:4      | Killed an ogre
  3823 | D:4      | Reached XP level 6. HP: 2/35 MP: 5/14
  4145 | D:4      | Learned a level 3 spell: Inner Flame
  4470 | D:5      | Entered Level 5 of the Dungeon
  4899 | D:5      | Reached XP level 7. HP: 40/40 MP: 11/16
  4975 | D:5      | Reached skill level 5 in Spellcasting
  5045 | D:5      | Found a staircase to the Ecumenical Temple.
  5053 | Temple   | Entered the Ecumenical Temple
  5078 | Temple   | Became a worshipper of Vehumet
  5229 | D:5      | Noticed Ijyb
  5234 | D:5      | Killed Ijyb
  5235 | D:5      | Reached skill level 1 in Hexes
  5324 | D:5      | Found a shimmering blue altar of Sif Muna.
  5329 | D:5      | Reached skill level 5 in Stealth
  5329 | D:5      | Reached skill level 5 in Fire Magic
  5622 | D:5      | Reached skill level 5 in Dodging
  5785 | D:5      | Slain by a wight

Illustrated notes

Levels and vault maps discovered:
D:1:      scummos_arrival_checkerplants, layout_loops_ring
D:2:      layout_basic, chequers_serial_rivers_room_a
D:3:      layout_loops_ring, minmay_fractal_squares_5
D:4:      layout_basic
D:5:      layout_basic, nicolae_overflow_hidden_temple,
          minmay_temple_entry_tees, uniq_ijyb
D:6:      layout_rooms, overflow_temple_1_default
Temple:   nicolae_temple_ecumenical_triangle

Skill      XL: |  1  2  3  4  5  6  7 |
---------------+----------------------+-----
Stealth        | 3 4 5 |  5.1
Dodging        | 3 4 5 |  5.1
Conjurations   | 2 3 |  3.8
Fighting       | 1 2 |  2.8
Spellcasting   | 4 5 |  5.5
Fire Magic     | 4 5 |  5.3
Hexes          | 1 |  1.8

Action                     |  1- 3 |  4- 6 |  7- 9 || total
---------------------------+-------+-------+-------++-------
  Melee: Unarmed           |     1 |       |       ||     1
         Whip              |     7 |    48 |       ||    55
   Cast: Foxfire           |    97 |    68 |       ||   165
         Scorch            |       |    48 |    27 ||    75
    Use: Scroll            |       |     7 |     6 ||    13
         Potion            |       |     1 |       ||     1
   Stab: Sleeping          |       |     1 |       ||     1
 Armour: Robe              |     8 |    10 |     3 ||    21
  Dodge: Dodged            |    26 |    86 |    11 ||   123
